Workbook

Sheet 2021
A1: 2021 | B1: Federal Contribution1 | C1: Own contributions of HEIs and institutions in the field of HEIS entitled to contributions2 | F1: Other contributions of project partners without entitlement to funding3 | G1: Budget total
A2: in CHF Fill in only the fields marked in yellow | C2: Real Money4 | D2: Virtual Money | E2: Total own contributions
A5: Name of project/sub-project/HEI/etc.
A6: Personnel costs | E6: =C6+D6 -> 0 | G6: =B6+E6+F6 -> 0
A7: Material costs for devices and equipment | E7: =C7+D7 -> 0 | G7: =B7+E7+F7 -> 0
A8: Other material costs | E8: =C8+D8 -> 0 | G8: =B8+E8+F8 -> 0
A9: Total | B9: =SUM(B6:B8) -> 0 | C9: =SUM(C6:C8) -> 0 | D9: =SUM(D6:D8) -> 0 | E9: =SUM(E6:E8) -> 0 | F9: =SUM(F6:F8) -> 0 | G9: =B9+E9+F9 -> 0
A10: Real-Money part and own contributions | C10: =C9/B9 -> #DIV/0! | E10: =E9/B9 -> #DIV/0!

Sheet 2022
A1: 2022 | B1: Federal Contribution1 | C1: Own contributions of HEIs and institutions in the field of HEIS entitled to contributions2 | F1: Other contributions of project partners without entitlement to funding3 | G1: Budget total
A2: in CHF Fill in only the fields marked in yellow | C2: Real Money4 | D2: Virtual Money | E2: Total own contributions
A5: Name of project/sub-project/HEI/etc.
A6: Personnel costs | E6: =C6+D6 -> 0 | G6: =B6+E6+F6 -> 0
A7: Material costs for devices and equipment | E7: =C7+D7 -> 0 | G7: =B7+E7+F7 -> 0
A8: Other material costs | E8: =C8+D8 -> 0 | G8: =B8+E8+F8 -> 0
A9: Total | B9: =SUM(B6:B8) -> 0 | C9: =SUM(C6:C8) -> 0 | D9: =SUM(D6:D8) -> 0 | E9: =SUM(E6:E8) -> 0 | F9: =SUM(F6:F8) -> 0 | G9: =B9+E9+F9 -> 0
A10: Real-Money part and own contributions | C10: =C9/B9 -> #DIV/0! | E10: =E9/B9 -> #DIV/0!

Sheet 2023
A1: 2023 | B1: Federal Contribution1 | C1: Own contributions of HEIs and institutions in the field of HEIS entitled to contributions2 | F1: Other contributions of project partners without entitlement to funding3 | G1: Budget total
A2: in CHF Fill in only the fields marked in yellow | C2: Real Money4 | D2: Virtual Money | E2: Total own contributions
A5: Name of project/sub-project/HEI/etc.
A6: Personnel costs | E6: =C6+D6 -> 0 | G6: =B6+E6+F6 -> 0
A7: Material costs for devices and equipment | E7: =C7+D7 -> 0 | G7: =B7+E7+F7 -> 0
A8: Other material costs | E8: =C8+D8 -> 0 | G8: =B8+E8+F8 -> 0
A9: Total | B9: =SUM(B6:B8) -> 0 | C9: =SUM(C6:C8) -> 0 | D9: =SUM(D6:D8) -> 0 | E9: =SUM(E6:E8) -> 0 | F9: =SUM(F6:F8) -> 0 | G9: =B9+E9+F9 -> 0
A10: Real-Money part and own contributions | C10: =C9/B9 -> #DIV/0! | E10: =E9/B9 -> #DIV/0!

Sheet 2024
A1: 2024 | B1: Federal Contribution1 | C1: Own contributions of HEIs and institutions in the field of HEIS entitled to contributions2 | F1: Other contributions of project partners without entitlement to funding3 | G1: Budget total
A2: in CHF Fill in only the fields marked in yellow | C2: Real Money4 | D2: Virtual Money | E2: Total own contributions
A5: Name of project/sub-project/HEI/etc.
A6: Personnel costs | E6: =C6+D6 -> 0 | G6: =B6+E6+F6 -> 0
A7: Material costs for devices and equipment | E7: =C7+D7 -> 0 | G7: =B7+E7+F7 -> 0
A8: Other material costs | E8: =C8+D8 -> 0 | G8: =B8+E8+F8 -> 0
A9: Total | B9: =SUM(B6:B8) -> 0 | C9: =SUM(C6:C8) -> 0 | D9: =SUM(D6:D8) -> 0 | E9: =SUM(E6:E8) -> 0 | F9: =SUM(F6:F8) -> 0 | G9: =B9+E9+F9 -> 0
A10: Real-Money part and own contributions | C10: =C9/B9 -> #DIV/0! | E10: =E9/B9 -> #DIV/0!

Sheet 2021-2024
A1: 2021-2024 | B1: Federal Contribution1 | C1: Own contributions of HEIs and institutions in the field of HEIS entitled to contributions2 | F1: Other contributions of project partners without entitlement to funding3 | G1: Budget total
A2: in CHF Fill in only the fields marked in yellow | C2: Real Money4 | D2: Virtual Money | E2: Total own contributions
A5: Name of project/sub-project/HEI/etc.
A6: Personnel costs | B6: ='2021'!B6+'2022'!B6+'2023'!B6+'2024'!B6 -> 0 | C6: ='2021'!C6+'2022'!C6+'2023'!C6+'2024'!C6 -> 0 | D6: ='2021'!D6+'2022'!D6+'2023'!D6+'2024'!D6 -> 0 | E6: =SUM(C6:D6) -> 0 | F6: ='2021'!F6+'2022'!F6+'2023'!F6+'2024'!F6 -> 0 | G6: =B6+E6+F6 -> 0
A7: Material costs for devices and equipment | B7: ='2021'!B7+'2022'!B7+'2023'!B7+'2024'!B7 -> 0 | C7: ='2021'!C7+'2022'!C7+'2023'!C7+'2024'!C7 -> 0 | D7: ='2021'!D7+'2022'!D7+'2023'!D7+'2024'!D7 -> 0 | E7: =SUM(C7:D7) -> 0 | F7: ='2021'!F7+'2022'!F7+'2023'!F7+'2024'!F7 -> 0 | G7: =B7+E7+F7 -> 0
A8: Other material costs | B8: ='2021'!B8+'2022'!B8+'2023'!B8+'2024'!B8 -> 0 | C8: ='2021'!C8+'2022'!C8+'2023'!C8+'2024'!C8 -> 0 | D8: ='2021'!D8+'2022'!D8+'2023'!D8+'2024'!D8 -> 0 | E8: =SUM(C8:D8) -> 0 | F8: ='2021'!F8+'2022'!F8+'2023'!F8+'2024'!F8 -> 0 | G8: =B8+E8+F8 -> 0
A9: Total | B9: =SUM(B6:B8) -> 0 | C9: =SUM(C6:C8) -> 0 | D9: =SUM(D6:D8) -> 0 | E9: =SUM(E6:E8) -> 0 | F9: =SUM(F6:F8) -> 0 | G9: =B9+E9+F9 -> 0
A10: Real-Money part and own contributions | C10: =C9/B9 -> #DIV/0! | E10: =E9/B9 -> #DIV/0!

Sheet 2018 
A1: 2018 | B1: Mittel SBFI | G1: Eigenleistung (Real money, Virtual money) | J1: Aufwand Total
A2: nur die gelb markierten Felder ausfüllen in Franken | B2: Übertrag von Mitteln des Vorjahres | C2: Beitrag von swissuniversities (swu) | D2: Total zur Verfügung | E2: Aufwand/ Ausgaben | F2: Differenz bzw. Übertrag auf nächstes Jahr | G2: Real money | H2: Virtual money | I2: Total Eigenleistung
A4: Einzelprojekt 1
A5: Personalkosten | B5: ='2021'!#REF! -> #REF! | D5: =SUM(B5:C5) -> #REF! | F5: =D5-E5 -> #REF! | I5: =SUM(G5:H5) -> 0 | J5: =E5+I5 -> 0
A6: Sachkosten | B6: ='2021'!#REF! -> #REF! | C6: =SUM(C7:C8) -> 0 | D6: =SUM(D7:D8) -> #REF! | E6: =SUM(E7:E8) -> 0 | F6: =SUM(F7:F8) -> #REF! | G6: =SUM(G7:G8) -> 0 | H6: =SUM(H7:H8) -> 0 | I6: =SUM(G6:H6) -> 0 | J6: =E6+I6 -> 0
A7: • Apparate und Anlagen | B7: ='2021'!#REF! -> #REF! | D7: =SUM(B7:C7) -> #REF! | F7: =D7-E7 -> #REF! | I7: =SUM(G7:H7) -> 0 | J7: =E7+I7 -> 0
A8: • Übrige | B8: ='2021'!#REF! -> #REF! | D8: =SUM(B8:C8) -> #REF! | F8: =D8-E8 -> #REF! | I8: =SUM(G8:H8) -> 0 | J8: =E8+I8 -> 0
A9: Total | B9: =SUM(B5:B6) -> #REF! | C9: =SUM(C5:C6) -> 0 | D9: =SUM(D5:D6) -> #REF! | E9: =SUM(E5:E6) -> 0 | F9: =SUM(F5:F6) -> #REF! | G9: =SUM(G5:G6) -> 0 | H9: =SUM(H5:H6) -> 0 | I9: =SUM(I5:I6) -> 0 | J9: =E9+I9 -> 0
E10: =E9/D9 -> #REF! | G10: =G9/I9 -> #DIV/0! | I10: =I9/E9 -> #DIV/0!
A12: Einzelprojekt 2
A13: Personalkosten | B13: ='2021'!#REF! -> #REF! | D13: =B13+C13 -> #REF! | F13: =D13-E13 -> #REF! | I13: =SUM(G13:H13) -> 0 | J13: =E13+I13 -> 0
A14: Sachkosten | B14: ='2021'!#REF! -> #REF! | C14: =SUM(C15:C16) -> 0 | D14: =B14+C14 -> #REF! | E14: =SUM(E15:E16) -> 0 | F14: =D14-E14 -> #REF! | G14: =SUM(G15:G16) -> 0 | H14: =SUM(H15:H16) -> 0 | I14: =SUM(G14:H14) -> 0 | J14: =E14+I14 -> 0
A15: • Apparate und Anlagen | B15: ='2021'!#REF! -> #REF! | D15: =B15+C15 -> #REF! | F15: =D15-E15 -> #REF! | I15: =SUM(G15:H15) -> 0 | J15: =E15+I15 -> 0
A16: • Übrige | B16: ='2021'!#REF! -> #REF! | D16: =B16+C16 -> #REF! | F16: =D16-E16 -> #REF! | I16: =SUM(G16:H16) -> 0 | J16: =E16+I16 -> 0
A17: Total | B17: =SUM(B13:B14) -> #REF! | C17: =SUM(C13:C14) -> 0 | D17: =SUM(D13:D14) -> #REF! | E17: =SUM(E13:E14) -> 0 | F17: =SUM(F13:F14) -> #REF! | G17: =SUM(G13:G14) -> 0 | H17: =SUM(H13:H14) -> 0 | I17: =SUM(I13:I14) -> 0 | J17: =SUM(J13:J14) -> 0
E18: =E17/D17 -> #REF! | G18: =G17/I17 -> #DIV/0! | I18: =I17/E17 -> #DIV/0!
A20: Einzelprojekt 3
A21: Personalkosten | B21: ='2021'!#REF! -> #REF! | D21: =B21+C21 -> #REF! | F21: =D21-E21 -> #REF! | I21: =SUM(G21:H21) -> 0 | J21: =E21+I21 -> 0
A22: Sachkosten | B22: ='2021'!#REF! -> #REF! | C22: =SUM(C23:C24) -> 0 | D22: =B22+C22 -> #REF! | E22: =SUM(E23:E24) -> 0 | F22: =D22-E22 -> #REF! | G22: =SUM(G23:G24) -> 0 | H22: =SUM(H23:H24) -> 0 | I22: =SUM(G22:H22) -> 0 | J22: =E22+I22 -> 0
A23: • Apparate und Anlagen | B23: ='2021'!#REF! -> #REF! | D23: =B23+C23 -> #REF! | F23: =D23-E23 -> #REF! | I23: =SUM(G23:H23) -> 0 | J23: =E23+I23 -> 0
A24: • Übrige | B24: ='2021'!#REF! -> #REF! | D24: =B24+C24 -> #REF! | F24: =D24-E24 -> #REF! | I24: =SUM(G24:H24) -> 0 | J24: =E24+I24 -> 0
A25: Total | B25: =SUM(B21:B22) -> #REF! | C25: =SUM(C21:C22) -> 0 | D25: =SUM(D21:D22) -> #REF! | E25: =SUM(E21:E22) -> 0 | F25: =SUM(F21:F22) -> #REF! | G25: =SUM(G21:G22) -> 0 | H25: =SUM(H21:H22) -> 0 | I25: =SUM(I21:I22) -> 0 | J25: =SUM(J21:J22) -> 0
E26: =E25/D25 -> #REF! | G26: =G25/I25 -> #DIV/0! | I26: =I25/E25 -> #DIV/0!
A28: Einzelprojekt 4
A29: Personalkosten | B29: ='2021'!#REF! -> #REF! | D29: =B29+C29 -> #REF! | F29: =D29-E29 -> #REF! | I29: =SUM(G29:H29) -> 0 | J29: =E29+I29 -> 0
A30: Sachkosten | B30: ='2021'!#REF! -> #REF! | C30: =SUM(C31:C32) -> 0 | D30: =B30+C30 -> #REF! | E30: =SUM(E31:E32) -> 0 | F30: =D30-E30 -> #REF! | G30: =SUM(G31:G32) -> 0 | H30: =SUM(H31:H32) -> 0 | I30: =SUM(G30:H30) -> 0 | J30: =E30+I30 -> 0
A31: • Apparate und Anlagen | B31: ='2021'!#REF! -> #REF! | D31: =B31+C31 -> #REF! | F31: =D31-E31 -> #REF! | I31: =SUM(G31:H31) -> 0 | J31: =E31+I31 -> 0
A32: • Übrige | B32: ='2021'!#REF! -> #REF! | D32: =B32+C32 -> #REF! | F32: =D32-E32 -> #REF! | I32: =SUM(G32:H32) -> 0 | J32: =E32+I32 -> 0
A33: Total | B33: =SUM(B29:B30) -> #REF! | C33: =SUM(C29:C30) -> 0 | D33: =SUM(D29:D30) -> #REF! | E33: =SUM(E29:E30) -> 0 | F33: =SUM(F29:F30) -> #REF! | G33: =SUM(G29:G30) -> 0 | H33: =SUM(H29:H30) -> 0 | I33: =SUM(I29:I30) -> 0 | J33: =SUM(J29:J30) -> 0
E34: =E33/D33 -> #REF! | G34: =G33/I33 -> #DIV/0! | I34: =I33/E33 -> #DIV/0!
A36: Einzelprojekt 5
A37: Personalkosten | B37: ='2021'!#REF! -> #REF! | D37: =B37+C37 -> #REF! | F37: =D37-E37 -> #REF! | I37: =SUM(G37:H37) -> 0 | J37: =E37+I37 -> 0
A38: Sachkosten | B38: ='2021'!#REF! -> #REF! | C38: =SUM(C39:C40) -> 0 | D38: =B38+C38 -> #REF! | E38: =SUM(E39:E40) -> 0 | F38: =D38-E38 -> #REF! | G38: =SUM(G39:G40) -> 0 | H38: =SUM(H39:H40) -> 0 | I38: =SUM(G38:H38) -> 0 | J38: =E38+I38 -> 0
A39: • Apparate und Anlagen | B39: ='2021'!#REF! -> #REF! | D39: =B39+C39 -> #REF! | F39: =D39-E39 -> #REF! | I39: =SUM(G39:H39) -> 0 | J39: =E39+I39 -> 0
A40: • Übrige | B40: ='2021'!#REF! -> #REF! | D40: =B40+C40 -> #REF! | F40: =D40-E40 -> #REF! | I40: =SUM(G40:H40) -> 0 | J40: =E40+I40 -> 0
A41: Total | B41: =SUM(B37:B38) -> #REF! | C41: =SUM(C37:C38) -> 0 | D41: =SUM(D37:D38) -> #REF! | E41: =SUM(E37:E38) -> 0 | F41: =SUM(F37:F38) -> #REF! | G41: =SUM(G37:G38) -> 0 | H41: =SUM(H37:H38) -> 0 | I41: =SUM(I37:I38) -> 0 | J41: =SUM(J37:J38) -> 0
E42: =E41/D41 -> #REF! | G42: =G41/I41 -> #DIV/0! | I42: =I41/E41 -> #DIV/0!
A44: Gesamttotal
A45: Personalkosten | B45: =B5+B13+B21+B29+B37 -> #REF! | C45: =C5+C13+C21+C29+C37 -> 0 | D45: =D5+D13+D21+D29+D37 -> #REF! | E45: =E5+E13+E21+E29+E37 -> 0 | F45: =F5+F13+F21+F29+F37 -> #REF! | G45: =G5+G13+G21+G29+G37 -> 0 | H45: =H5+H13+H21+H29+H37 -> 0 | I45: =I5+I13+I21+I29+I37 -> 0 | J45: =J5+J13+J21+J29+J37 -> 0
A46: Sachkosten | B46: =B6+B14+B22+B30+B38 -> #REF! | C46: =C6+C14+C22+C30+C38 -> 0 | D46: =D6+D14+D22+D30+D38 -> #REF! | E46: =E6+E14+E22+E30+E38 -> 0 | F46: =F6+F14+F22+F30+F38 -> #REF! | G46: =G6+G14+G22+G30+G38 -> 0 | H46: =H6+H14+H22+H30+H38 -> 0 | I46: =I6+I14+I22+I30+I38 -> 0 | J46: =J6+J14+J22+J30+J38 -> 0
A47: • Apparate und Anlagen | B47: =B7+B15+B23+B31+B39 -> #REF! | C47: =C7+C15+C23+C31+C39 -> 0 | D47: =D7+D15+D23+D31+D39 -> #REF! | E47: =E7+E15+E23+E31+E39 -> 0 | F47: =F7+F15+F23+F31+F39 -> #REF! | G47: =G7+G15+G23+G31+G39 -> 0 | H47: =H7+H15+H23+H31+H39 -> 0 | I47: =I7+I15+I23+I31+I39 -> 0 | J47: =J7+J15+J23+J31+J39 -> 0
A48: • Übrige | B48: =B8+B16+B24+B32+B40 -> #REF! | C48: =C8+C16+C24+C32+C40 -> 0 | D48: =D8+D16+D24+D32+D40 -> #REF! | E48: =E8+E16+E24+E32+E40 -> 0 | F48: =F8+F16+F24+F32+F40 -> #REF! | G48: =G8+G16+G24+G32+G40 -> 0 | H48: =H8+H16+H24+H32+H40 -> 0 | I48: =I8+I16+I24+I32+I40 -> 0 | J48: =J8+J16+J24+J32+J40 -> 0
A49: Total | B49: =SUM(B45:B46) -> #REF! | C49: =SUM(C45:C46) -> 0 | D49: =SUM(D45:D46) -> #REF! | E49: =SUM(E45:E46) -> 0 | F49: =SUM(F45:F46) -> #REF! | G49: =SUM(G45:G46) -> 0 | H49: =SUM(H45:H46) -> 0 | I49: =SUM(I45:I46) -> 0 | J49: =SUM(J45:J46) -> 0
E50: =E49/D49 -> #REF! | G50: =G49/I49 -> #DIV/0! | I50: =I49/D49 -> #REF!
E51: Ausschöpfung | G51: Anteil Rm an Eigenleistung | I51: Anteil Eigenleistung
A56: Eigenleistung:
A57: Die Eigenleistungen können als Geld- oder Sachleistungen erbracht werden. Mindestens die Hälfte der Eigenleistung ist als Geldleistung zu erbringen. • Als Geldleistung (Real money) gilt die Finanzierung von Projektkosten, die beim Projektteilnehmer durch die Projektteilnahme zusätzlich zu den normalen laufenden Ausgaben entstehen. Diese umfassen o Personalkosten einschliesslich Sozialleistungen für Personen, die für das Projekt eingestellt wurden; o Sachkosten wie Apparate und Anlagen, Betriebsmittel, Kosten für speziell angemietete Räumlichkeiten, Tagungs- und Reisekosten. • Als Sachleistungen (Virtual money) können Aufwendungen für bestehende Personalressourcen, Apparate und Anlagen und Betriebsmittel in dem Ausmass angerechnet werden, in dem sie dem Projekt eindeutig zugeordnet und belegt werden können. Die Leistungen von Mitarbeitenden, die über nationale Förderprogramme (z.B. SNF) finanziert sind, gelten als Sachleistungen.

Sheet 2019 
A1: 2019 | B1: Mittel SBFI | G1: Eigenleistung (Real money, Virtual money) | J1: Aufwand Total
A2: nur die gelb markierten Felder ausfüllen in Franken | B2: Übertrag von Mitteln des Vorjahres | C2: Beitrag von swissuniversities (swu) | D2: Total zur Verfügung | E2: Aufwand/ Ausgaben | F2: Differenz bzw. Übertrag auf nächstes Jahr | G2: Real money | H2: Virtual money | I2: Total Eigenleistung
A4: Einzelprojekt 1
A5: Personalkosten | B5: ='2018 '!F5 -> #REF! | D5: =SUM(B5:C5) -> #REF! | F5: =D5-E5 -> #REF! | I5: =SUM(G5:H5) -> 0 | J5: =E5+I5 -> 0
A6: Sachkosten | B6: ='2018 '!F6 -> #REF! | C6: =SUM(C7:C8) -> 0 | D6: =SUM(D7:D8) -> #REF! | E6: =SUM(E7:E8) -> 0 | F6: =D6-E6 -> #REF! | G6: =SUM(G7:G8) -> 0 | H6: =SUM(H7:H8) -> 0 | I6: =SUM(G6:H6) -> 0 | J6: =E6+I6 -> 0
A7: • Apparate und Anlagen | B7: ='2018 '!F7 -> #REF! | D7: =SUM(B7:C7) -> #REF! | F7: =D7-E7 -> #REF! | I7: =SUM(G7:H7) -> 0 | J7: =E7+I7 -> 0
A8: • Übrige | B8: ='2018 '!F8 -> #REF! | D8: =SUM(B8:C8) -> #REF! | F8: =D8-E8 -> #REF! | I8: =SUM(G8:H8) -> 0 | J8: =E8+I8 -> 0
A9: Total | B9: =SUM(B5:B6) -> #REF! | C9: =SUM(C5:C6) -> 0 | D9: =SUM(D5:D6) -> #REF! | E9: =SUM(E5:E6) -> 0 | F9: =SUM(F5:F6) -> #REF! | G9: =SUM(G5:G6) -> 0 | H9: =SUM(H5:H6) -> 0 | I9: =SUM(I5:I6) -> 0 | J9: =E9+I9 -> 0
E10: =E9/D9 -> #REF! | G10: =G9/I9 -> #DIV/0! | I10: =I9/E9 -> #DIV/0!
A12: Einzelprojekt 2
A13: Personalkosten | B13: ='2018 '!F13 -> #REF! | D13: =B13+C13 -> #REF! | F13: =D13-E13 -> #REF! | I13: =SUM(G13:H13) -> 0 | J13: =E13+I13 -> 0
A14: Sachkosten | B14: ='2018 '!F14 -> #REF! | C14: =SUM(C15:C16) -> 0 | D14: =B14+C14 -> #REF! | E14: =SUM(E15:E16) -> 0 | F14: =D14-E14 -> #REF! | G14: =SUM(G15:G16) -> 0 | H14: =SUM(H15:H16) -> 0 | I14: =SUM(G14:H14) -> 0 | J14: =E14+I14 -> 0
A15: • Apparate und Anlagen | B15: ='2018 '!F15 -> #REF! | D15: =B15+C15 -> #REF! | F15: =D15-E15 -> #REF! | I15: =SUM(G15:H15) -> 0 | J15: =E15+I15 -> 0
A16: • Übrige | B16: ='2018 '!F16 -> #REF! | D16: =B16+C16 -> #REF! | F16: =D16-E16 -> #REF! | I16: =SUM(G16:H16) -> 0 | J16: =E16+I16 -> 0
A17: Total | B17: =SUM(B13:B14) -> #REF! | C17: =SUM(C13:C14) -> 0 | D17: =SUM(D13:D14) -> #REF! | E17: =SUM(E13:E14) -> 0 | F17: =SUM(F13:F14) -> #REF! | G17: =SUM(G13:G14) -> 0 | H17: =SUM(H13:H14) -> 0 | I17: =SUM(I13:I14) -> 0 | J17: =E17+I17 -> 0
E18: =E17/D17 -> #REF! | G18: =G17/I17 -> #DIV/0! | I18: =I17/E17 -> #DIV/0!
A20: Einzelprojekt 3
A21: Personalkosten | B21: ='2018 '!F21 -> #REF! | D21: =B21+C21 -> #REF! | F21: =D21-E21 -> #REF! | I21: =SUM(G21:H21) -> 0 | J21: =E21+I21 -> 0
A22: Sachkosten | B22: ='2018 '!F22 -> #REF! | C22: =SUM(C23:C24) -> 0 | D22: =B22+C22 -> #REF! | E22: =SUM(E23:E24) -> 0 | F22: =D22-E22 -> #REF! | G22: =SUM(G23:G24) -> 0 | H22: =SUM(H23:H24) -> 0 | I22: =SUM(G22:H22) -> 0 | J22: =E22+I22 -> 0
A23: • Apparate und Anlagen | B23: ='2018 '!F23 -> #REF! | D23: =B23+C23 -> #REF! | F23: =D23-E23 -> #REF! | I23: =SUM(G23:H23) -> 0 | J23: =E23+I23 -> 0
A24: • Übrige | B24: ='2018 '!F24 -> #REF! | D24: =B24+C24 -> #REF! | F24: =D24-E24 -> #REF! | I24: =SUM(G24:H24) -> 0 | J24: =E24+I24 -> 0
A25: Total | B25: =SUM(B21:B22) -> #REF! | C25: =SUM(C21:C22) -> 0 | D25: =SUM(D21:D22) -> #REF! | E25: =SUM(E21:E22) -> 0 | F25: =SUM(F21:F22) -> #REF! | G25: =SUM(G21:G22) -> 0 | H25: =SUM(H21:H22) -> 0 | I25: =SUM(I21:I22) -> 0 | J25: =SUM(J21:J22) -> 0
E26: =E25/D25 -> #REF! | G26: =G25/I25 -> #DIV/0! | I26: =I25/E25 -> #DIV/0!
A28: Einzelprojekt 4
A29: Personalkosten | B29: ='2018 '!F29 -> #REF! | D29: =B29+C29 -> #REF! | F29: =D29-E29 -> #REF! | I29: =SUM(G29:H29) -> 0 | J29: =E29+I29 -> 0
A30: Sachkosten | B30: ='2018 '!F30 -> #REF! | C30: =SUM(C31:C32) -> 0 | D30: =B30+C30 -> #REF! | E30: =SUM(E31:E32) -> 0 | F30: =D30-E30 -> #REF! | G30: =SUM(G31:G32) -> 0 | H30: =SUM(H31:H32) -> 0 | I30: =SUM(G30:H30) -> 0 | J30: =E30+I30 -> 0
A31: • Apparate und Anlagen | B31: ='2018 '!F31 -> #REF! | D31: =B31+C31 -> #REF! | F31: =D31-E31 -> #REF! | I31: =SUM(G31:H31) -> 0 | J31: =E31+I31 -> 0
A32: • Übrige | B32: ='2018 '!F32 -> #REF! | D32: =B32+C32 -> #REF! | F32: =D32-E32 -> #REF! | I32: =SUM(G32:H32) -> 0 | J32: =E32+I32 -> 0
A33: Total | B33: =SUM(B29:B30) -> #REF! | C33: =SUM(C29:C30) -> 0 | D33: =SUM(D29:D30) -> #REF! | E33: =SUM(E29:E30) -> 0 | F33: =SUM(F29:F30) -> #REF! | G33: =SUM(G29:G30) -> 0 | H33: =SUM(H29:H30) -> 0 | I33: =SUM(I29:I30) -> 0
E34: =E33/D33 -> #REF! | G34: =G33/I33 -> #DIV/0! | I34: =I33/E33 -> #DIV/0!
A36: Einzelprojekt 5
A37: Personalkosten | B37: ='2018 '!F37 -> #REF! | D37: =B37+C37 -> #REF! | F37: =D37-E37 -> #REF! | I37: =SUM(G37:H37) -> 0 | J37: =E37+I37 -> 0
A38: Sachkosten | B38: ='2018 '!F38 -> #REF! | C38: =SUM(C39:C40) -> 0 | D38: =B38+C38 -> #REF! | E38: =SUM(E39:E40) -> 0 | F38: =D38-E38 -> #REF! | G38: =SUM(G39:G40) -> 0 | H38: =SUM(H39:H40) -> 0 | I38: =SUM(G38:H38) -> 0 | J38: =E38+I38 -> 0
A39: • Apparate und Anlagen | B39: ='2018 '!F39 -> #REF! | D39: =B39+C39 -> #REF! | F39: =D39-E39 -> #REF! | I39: =SUM(G39:H39) -> 0 | J39: =E39+I39 -> 0
A40: • Übrige | B40: ='2018 '!F40 -> #REF! | D40: =B40+C40 -> #REF! | F40: =D40-E40 -> #REF! | I40: =SUM(G40:H40) -> 0 | J40: =E40+I40 -> 0
A41: Total | B41: =SUM(B37:B38) -> #REF! | C41: =SUM(C37:C38) -> 0 | D41: =SUM(D37:D38) -> #REF! | E41: =SUM(E37:E38) -> 0 | F41: =SUM(F37:F38) -> #REF! | G41: =SUM(G37:G38) -> 0 | H41: =SUM(H37:H38) -> 0 | I41: =SUM(I37:I38) -> 0
E42: =E41/D41 -> #REF! | G42: =G41/I41 -> #DIV/0! | I42: =I41/E41 -> #DIV/0!
A44: Gesamttotal
A45: Personalkosten | B45: =B5+B13+B21+B29+B37 -> #REF! | C45: =C5+C13+C21+C29+C37 -> 0 | D45: =D5+D13+D21+D29+D37 -> #REF! | E45: =E5+E13+E21+E29+E37 -> 0 | F45: =F5+F13+F21+F29+F37 -> #REF! | G45: =G5+G13+G21+G29+G37 -> 0 | H45: =H5+H13+H21+H29+H37 -> 0 | I45: =I5+I13+I21+I29+I37 -> 0 | J45: =J5+J13+J21+J29+J37 -> 0
A46: Sachkosten | B46: =B6+B14+B22+B30+B38 -> #REF! | C46: =C6+C14+C22+C30+C38 -> 0 | D46: =D6+D14+D22+D30+D38 -> #REF! | E46: =E6+E14+E22+E30+E38 -> 0 | F46: =F6+F14+F22+F30+F38 -> #REF! | G46: =G6+G14+G22+G30+G38 -> 0 | H46: =H6+H14+H22+H30+H38 -> 0 | I46: =I6+I14+I22+I30+I38 -> 0 | J46: =J6+J14+J22+J30+J38 -> 0
A47: • Apparate und Anlagen | B47: =B7+B15+B23+B31+B39 -> #REF! | C47: =C7+C15+C23+C31+C39 -> 0 | D47: =D7+D15+D23+D31+D39 -> #REF! | E47: =E7+E15+E23+E31+E39 -> 0 | F47: =F7+F15+F23+F31+F39 -> #REF! | G47: =G7+G15+G23+G31+G39 -> 0 | H47: =H7+H15+H23+H31+H39 -> 0 | I47: =I7+I15+I23+I31+I39 -> 0 | J47: =J7+J15+J23+J31+J39 -> 0
A48: • Übrige | B48: =B8+B16+B24+B32+B40 -> #REF! | C48: =C8+C16+C24+C32+C40 -> 0 | D48: =D8+D16+D24+D32+D40 -> #REF! | E48: =E8+E16+E24+E32+E40 -> 0 | F48: =F8+F16+F24+F32+F40 -> #REF! | G48: =G8+G16+G24+G32+G40 -> 0 | H48: =H8+H16+H24+H32+H40 -> 0 | I48: =I8+I16+I24+I32+I40 -> 0 | J48: =J8+J16+J24+J32+J40 -> 0
A49: Total | B49: =SUM(B45:B46) -> #REF! | C49: =SUM(C45:C46) -> 0 | D49: =SUM(D45:D46) -> #REF! | E49: =SUM(E45:E46) -> 0 | F49: =SUM(F45:F46) -> #REF! | G49: =SUM(G45:G46) -> 0 | H49: =SUM(H45:H46) -> 0 | I49: =SUM(I45:I46) -> 0 | J49: =SUM(J45:J46) -> 0
E50: =E49/D49 -> #REF! | G50: =G49/I49 -> #DIV/0! | I50: =I49/D49 -> #REF!
E51: Ausschöpfung | G51: Anteil Rm an Eigenleistung | I51: Anteil Eigenleistung
A56: Eigenleistung:
A57: Die Eigenleistungen können als Geld- oder Sachleistungen erbracht werden. Mindestens die Hälfte der Eigenleistung ist als Geldleistung zu erbringen. • Als Geldleistung (Real money) gilt die Finanzierung von Projektkosten, die beim Projektteilnehmer durch die Projektteilnahme zusätzlich zu den normalen laufenden Ausgaben entstehen. Diese umfassen o Personalkosten einschliesslich Sozialleistungen für Personen, die für das Projekt eingestellt wurden; o Sachkosten wie Apparate und Anlagen, Betriebsmittel, Kosten für speziell angemietete Räumlichkeiten, Tagungs- und Reisekosten. • Als Sachleistungen (Virtual money) können Aufwendungen für bestehende Personalressourcen, Apparate und Anlagen und Betriebsmittel in dem Ausmass angerechnet werden, in dem sie dem Projekt eindeutig zugeordnet und belegt werden können. Die Leistungen von Mitarbeitenden, die über nationale Förderprogramme (z.B. SNF) finanziert sind, gelten als Sachleistungen.

Sheet 2020 
A1: 2020 | B1: Mittel SBFI | G1: Eigenleistung (Real money, Virtual money) | J1: Aufwand Total
A2: nur die gelb markierten Felder ausfüllen in Franken | B2: Übertrag von Mitteln des Vorjahres | C2: Beitrag von swissuniversities (swu) | D2: Total zur Verfügung | E2: Aufwand/ Ausgaben | F2: Restmittel 31.12.2020 | G2: Real money | H2: Virtual money | I2: Total Eigenleistung
A4: Einzelprojekt 1
A5: Personalkosten | B5: ='2019 '!F5 -> #REF! | D5: =SUM(B5:C5) -> #REF! | F5: =D5-E5 -> #REF! | I5: =SUM(G5:H5) -> 0 | J5: =E5+I5 -> 0
A6: Sachkosten | B6: ='2019 '!F6 -> #REF! | C6: =SUM(C7:C8) -> 0 | D6: =SUM(D7:D8) -> #REF! | E6: =SUM(E7:E8) -> 0 | F6: =D6-E6 -> #REF! | G6: =SUM(G7:G8) -> 0 | H6: =SUM(H7:H8) -> 0 | I6: =SUM(G6:H6) -> 0 | J6: =E6+I6 -> 0
A7: • Apparate und Anlagen | B7: ='2019 '!F7 -> #REF! | D7: =SUM(B7:C7) -> #REF! | F7: =D7-E7 -> #REF! | I7: =SUM(G7:H7) -> 0 | J7: =E7+I7 -> 0
A8: • Übrige | B8: ='2019 '!F8 -> #REF! | D8: =SUM(B8:C8) -> #REF! | F8: =D8-E8 -> #REF! | I8: =SUM(G8:H8) -> 0 | J8: =E8+I8 -> 0
A9: Total | B9: =SUM(B5:B6) -> #REF! | C9: =SUM(C5:C6) -> 0 | D9: =SUM(D5:D6) -> #REF! | E9: =SUM(E5:E6) -> 0 | F9: =SUM(F5:F6) -> #REF! | G9: =SUM(G5:G6) -> 0 | H9: =SUM(H5:H6) -> 0 | I9: =SUM(I5:I6) -> 0 | J9: =E9+I9 -> 0
E10: =E9/D9 -> #REF! | G10: =G9/I9 -> #DIV/0! | I10: =I9/E9 -> #DIV/0!
A12: Einzelprojekt 2
A13: Personalkosten | B13: ='2019 '!F13 -> #REF! | D13: =B13+C13 -> #REF! | F13: =D13-E13 -> #REF! | I13: =SUM(G13:H13) -> 0 | J13: =E13+I13 -> 0
A14: Sachkosten | B14: ='2019 '!F14 -> #REF! | C14: =SUM(C15:C16) -> 0 | D14: =B14+C14 -> #REF! | E14: =SUM(E15:E16) -> 0 | F14: =D14-E14 -> #REF! | G14: =SUM(G15:G16) -> 0 | H14: =SUM(H15:H16) -> 0 | I14: =SUM(G14:H14) -> 0 | J14: =E14+I14 -> 0
A15: • Apparate und Anlagen | B15: ='2019 '!F15 -> #REF! | D15: =B15+C15 -> #REF! | F15: =D15-E15 -> #REF! | I15: =SUM(G15:H15) -> 0 | J15: =E15+I15 -> 0
A16: • Übrige | B16: ='2019 '!F16 -> #REF! | D16: =B16+C16 -> #REF! | F16: =D16-E16 -> #REF! | I16: =SUM(G16:H16) -> 0 | J16: =E16+I16 -> 0
A17: Total | B17: =SUM(B13:B14) -> #REF! | C17: =SUM(C13:C14) -> 0 | D17: =SUM(D13:D14) -> #REF! | E17: =SUM(E13:E14) -> 0 | F17: =SUM(F13:F14) -> #REF! | G17: =SUM(G13:G14) -> 0 | H17: =SUM(H13:H14) -> 0 | I17: =SUM(I13:I14) -> 0 | J17: =SUM(J13:J14) -> 0
E18: =E17/D17 -> #REF! | G18: =G17/I17 -> #DIV/0! | I18: =I17/E17 -> #DIV/0!
A20: Einzelprojekt 3
A21: Personalkosten | B21: ='2019 '!F21 -> #REF! | D21: =B21+C21 -> #REF! | F21: =D21-E21 -> #REF! | I21: =SUM(G21:H21) -> 0 | J21: =E21+I21 -> 0
A22: Sachkosten | B22: ='2019 '!F22 -> #REF! | C22: =SUM(C23:C24) -> 0 | D22: =B22+C22 -> #REF! | E22: =SUM(E23:E24) -> 0 | F22: =D22-E22 -> #REF! | G22: =SUM(G23:G24) -> 0 | H22: =SUM(H23:H24) -> 0 | I22: =SUM(G22:H22) -> 0 | J22: =E22+I22 -> 0
A23: • Apparate und Anlagen | B23: ='2019 '!F23 -> #REF! | D23: =B23+C23 -> #REF! | F23: =D23-E23 -> #REF! | I23: =SUM(G23:H23) -> 0 | J23: =E23+I23 -> 0
A24: • Übrige | B24: ='2019 '!F24 -> #REF! | D24: =B24+C24 -> #REF! | F24: =D24-E24 -> #REF! | I24: =SUM(G24:H24) -> 0 | J24: =E24+I24 -> 0
A25: Total | B25: =SUM(B21:B22) -> #REF! | C25: =SUM(C21:C22) -> 0 | D25: =SUM(D21:D22) -> #REF! | E25: =SUM(E21:E22) -> 0 | F25: =SUM(F21:F22) -> #REF! | G25: =SUM(G21:G22) -> 0 | H25: =SUM(H21:H22) -> 0 | I25: =SUM(I21:I22) -> 0 | J25: =SUM(J21:J22) -> 0
E26: =E25/D25 -> #REF! | G26: =G25/I25 -> #DIV/0! | I26: =I25/E25 -> #DIV/0!
A28: Einzelprojekt 4
A29: Personalkosten | B29: ='2019 '!F29 -> #REF! | D29: =B29+C29 -> #REF! | F29: =D29-E29 -> #REF! | I29: =SUM(G29:H29) -> 0 | J29: =E29+I29 -> 0
A30: Sachkosten | B30: ='2019 '!F30 -> #REF! | C30: =SUM(C31:C32) -> 0 | D30: =B30+C30 -> #REF! | E30: =SUM(E31:E32) -> 0 | F30: =D30-E30 -> #REF! | G30: =SUM(G31:G32) -> 0 | H30: =SUM(H31:H32) -> 0 | I30: =SUM(G30:H30) -> 0 | J30: =E30+I30 -> 0
A31: • Apparate und Anlagen | B31: ='2019 '!F31 -> #REF! | D31: =B31+C31 -> #REF! | F31: =D31-E31 -> #REF! | I31: =SUM(G31:H31) -> 0 | J31: =E31+I31 -> 0
A32: • Übrige | B32: ='2019 '!F32 -> #REF! | D32: =B32+C32 -> #REF! | F32: =D32-E32 -> #REF! | I32: =SUM(G32:H32) -> 0 | J32: =E32+I32 -> 0
A33: Total | B33: =SUM(B29:B30) -> #REF! | C33: =SUM(C29:C30) -> 0 | D33: =SUM(D29:D30) -> #REF! | E33: =SUM(E29:E30) -> 0 | F33: =SUM(F29:F30) -> #REF! | G33: =SUM(G29:G30) -> 0 | H33: =SUM(H29:H30) -> 0 | I33: =SUM(I29:I30) -> 0 | J33: =SUM(J29:J30) -> 0
E34: =E33/D33 -> #REF! | G34: =G33/I33 -> #DIV/0! | I34: =I33/E33 -> #DIV/0!
A36: Einzelprojekt 5
A37: Personalkosten | B37: ='2019 '!F37 -> #REF! | D37: =B37+C37 -> #REF! | F37: =D37-E37 -> #REF! | I37: =SUM(G37:H37) -> 0 | J37: =E37+I37 -> 0
A38: Sachkosten | B38: ='2019 '!F38 -> #REF! | C38: =SUM(C39:C40) -> 0 | D38: =B38+C38 -> #REF! | E38: =SUM(E39:E40) -> 0 | F38: =D38-E38 -> #REF! | G38: =SUM(G39:G40) -> 0 | H38: =SUM(H39:H40) -> 0 | I38: =SUM(G38:H38) -> 0 | J38: =E38+I38 -> 0
A39: • Apparate und Anlagen | B39: ='2019 '!F39 -> #REF! | D39: =B39+C39 -> #REF! | F39: =D39-E39 -> #REF! | I39: =SUM(G39:H39) -> 0 | J39: =E39+I39 -> 0
A40: • Übrige | B40: ='2019 '!F40 -> #REF! | D40: =B40+C40 -> #REF! | F40: =D40-E40 -> #REF! | I40: =SUM(G40:H40) -> 0 | J40: =E40+I40 -> 0
A41: Total | B41: =SUM(B37:B38) -> #REF! | C41: =SUM(C37:C38) -> 0 | D41: =SUM(D37:D38) -> #REF! | E41: =SUM(E37:E38) -> 0 | F41: =SUM(F37:F38) -> #REF! | G41: =SUM(G37:G38) -> 0 | H41: =SUM(H37:H38) -> 0 | I41: =SUM(I37:I38) -> 0 | J41: =SUM(J37:J38) -> 0
E42: =E41/D41 -> #REF! | G42: =G41/I41 -> #DIV/0! | I42: =I41/E41 -> #DIV/0!
A44: Gesamttotal
A45: Personalkosten | B45: =B5+B13+B21+B29+B37 -> #REF! | C45: =C5+C13+C21+C29+C37 -> 0 | D45: =D5+D13+D21+D29+D37 -> #REF! | E45: =E5+E13+E21+E29+E37 -> 0 | F45: =F5+F13+F21+F29+F37 -> #REF! | G45: =G5+G13+G21+G29+G37 -> 0 | H45: =H5+H13+H21+H29+H37 -> 0 | I45: =I5+I13+I21+I29+I37 -> 0 | J45: =J5+J13+J21+J29+J37 -> 0
A46: Sachkosten | B46: =B6+B14+B22+B30+B38 -> #REF! | C46: =C6+C14+C22+C30+C38 -> 0 | D46: =D6+D14+D22+D30+D38 -> #REF! | E46: =E6+E14+E22+E30+E38 -> 0 | F46: =F6+F14+F22+F30+F38 -> #REF! | G46: =G6+G14+G22+G30+G38 -> 0 | H46: =H6+H14+H22+H30+H38 -> 0 | I46: =I6+I14+I22+I30+I38 -> 0 | J46: =J6+J14+J22+J30+J38 -> 0
A47: • Apparate und Anlagen | B47: =B7+B15+B23+B31+B39 -> #REF! | C47: =C7+C15+C23+C31+C39 -> 0 | D47: =D7+D15+D23+D31+D39 -> #REF! | E47: =E7+E15+E23+E31+E39 -> 0 | F47: =F7+F15+F23+F31+F39 -> #REF! | G47: =G7+G15+G23+G31+G39 -> 0 | H47: =H7+H15+H23+H31+H39 -> 0 | I47: =I7+I15+I23+I31+I39 -> 0 | J47: =J7+J15+J23+J31+J39 -> 0
A48: • Übrige | B48: =B8+B16+B24+B32+B40 -> #REF! | C48: =C8+C16+C24+C32+C40 -> 0 | D48: =D8+D16+D24+D32+D40 -> #REF! | E48: =E8+E16+E24+E32+E40 -> 0 | F48: =F8+F16+F24+F32+F40 -> #REF! | G48: =G8+G16+G24+G32+G40 -> 0 | H48: =H8+H16+H24+H32+H40 -> 0 | I48: =I8+I16+I24+I32+I40 -> 0 | J48: =J8+J16+J24+J32+J40 -> 0
A49: Total | B49: =SUM(B45:B46) -> #REF! | C49: =SUM(C45:C46) -> 0 | D49: =SUM(D45:D46) -> #REF! | E49: =SUM(E45:E46) -> 0 | F49: =SUM(F45:F46) -> #REF! | G49: =SUM(G45:G46) -> 0 | H49: =SUM(H45:H46) -> 0 | I49: =SUM(I45:I46) -> 0 | J49: =SUM(J45:J46) -> 0
E50: =E49/D49 -> #REF! | G50: =G49/I49 -> #DIV/0! | I50: =I49/D49 -> #REF!
E51: Ausschöpfung | G51: Anteil Rm an Eigenleistung | I51: Anteil Eigenleistung
A56: Eigenleistung:
A57: Die Eigenleistungen können als Geld- oder Sachleistungen erbracht werden. Mindestens die Hälfte der Eigenleistung ist als Geldleistung zu erbringen. • Als Geldleistung (Real money) gilt die Finanzierung von Projektkosten, die beim Projektteilnehmer durch die Projektteilnahme zusätzlich zu den normalen laufenden Ausgaben entstehen. Diese umfassen o Personalkosten einschliesslich Sozialleistungen für Personen, die für das Projekt eingestellt wurden; o Sachkosten wie Apparate und Anlagen, Betriebsmittel, Kosten für speziell angemietete Räumlichkeiten, Tagungs- und Reisekosten. • Als Sachleistungen (Virtual money) können Aufwendungen für bestehende Personalressourcen, Apparate und Anlagen und Betriebsmittel in dem Ausmass angerechnet werden, in dem sie dem Projekt eindeutig zugeordnet und belegt werden können. Die Leistungen von Mitarbeitenden, die über nationale Förderprogramme (z.B. SNF) finanziert sind, gelten als Sachleistungen.

Sheet 2017-2020 
A1: 2017 - 2020 | C1: Mittel SBFI | G1: Eigenleistung (Real money, Virtual money) | J1: Aufwand Total
A2: nur die gelb markierten Felder ausfüllen in Franken | C2: Beitrag von swissuniversities (swu) | D2: Total zur Verfügung | E2: Aufwand/ Ausgaben | F2: ='2020 '!F2 -> Restmittel 31.12.2020 | G2: Real money | H2: Virtual money | I2: Total Eigenleistung
A4: Einzelprojekt 1
A5: Personalkosten | C5: =SUM('2021:2020 '!C5) -> 0 | D5: =SUM(C5:C5) -> 0 | E5: =SUM('2021:2020 '!E5) -> 0 | F5: =D5-E5 -> 0 | G5: =SUM('2021:2020 '!G5) -> 0 | H5: =SUM('2021:2020 '!H5) -> 0 | I5: =SUM(G5:H5) -> 0 | J5: =E5+I5 -> 0
A6: Sachkosten | C6: =SUM(C7:C8) -> 0 | D6: =SUM(C6:C6) -> 0 | E6: =SUM(E7:E8) -> 0 | F6: =D6-E6 -> 0 | G6: =SUM(G7:G8) -> 0 | H6: =SUM(H7:H8) -> 0 | I6: =SUM(G6:H6) -> 0 | J6: =E6+I6 -> 0
A7: • Apparate und Anlagen | C7: =SUM('2021:2020 '!C7) -> 0 | D7: =SUM(C7:C7) -> 0 | E7: =SUM('2021:2020 '!E7) -> 0 | F7: =D7-E7 -> 0 | G7: =SUM('2021:2020 '!G7) -> 0 | H7: =SUM('2021:2020 '!H7) -> 0 | I7: =SUM(G7:H7) -> 0 | J7: =E7+I7 -> 0
A8: • Übrige | C8: =SUM('2021:2020 '!C8) -> 0 | D8: =SUM(C8:C8) -> 0 | E8: =SUM('2021:2020 '!E8) -> 0 | F8: =D8-E8 -> 0 | G8: =SUM('2021:2020 '!G8) -> 0 | H8: =SUM('2021:2020 '!H8) -> 0 | I8: =SUM(G8:H8) -> 0 | J8: =E8+I8 -> 0
A9: Total | C9: =SUM(C5:C6) -> 0 | D9: =SUM(D5:D6) -> 0 | E9: =SUM(E5:E6) -> 0 | F9: =SUM(F5:F6) -> 0 | G9: =SUM(G5:G6) -> 0 | H9: =SUM(H5:H6) -> 0 | I9: =SUM(I5:I6) -> 0 | J9: =E9+I9 -> 0
E10: =E9/D9 -> #DIV/0! | G10: =G9/I9 -> #DIV/0! | I10: =I9/E9 -> #DIV/0!
A12: Einzelprojekt 2
A13: Personalkosten | C13: =SUM('2021:2020 '!C13) -> 0 | D13: =C13 -> 0 | E13: =SUM('2021:2020 '!E13) -> 0 | F13: =D13-E13 -> 0 | G13: =SUM('2021:2020 '!G13) -> 0 | H13: =SUM('2021:2020 '!H13) -> 0 | I13: =SUM(G13:H13) -> 0 | J13: =E13+I13 -> 0
A14: Sachkosten | C14: =SUM('2021:2020 '!C14) -> 0 | D14: =C14 -> 0 | E14: =SUM('2021:2020 '!E14) -> 0 | F14: =D14-E14 -> 0 | G14: =SUM('2021:2020 '!G14) -> 0 | H14: =SUM('2021:2020 '!H14) -> 0 | I14: =SUM(G14:H14) -> 0 | J14: =E14+I14 -> 0
A15: • Apparate und Anlagen | C15: =SUM('2021:2020 '!C15) -> 0 | D15: =C15 -> 0 | E15: =SUM('2021:2020 '!E15) -> 0 | F15: =D15-E15 -> 0 | G15: =SUM('2021:2020 '!G15) -> 0 | H15: =SUM('2021:2020 '!H15) -> 0 | I15: =SUM(G15:H15) -> 0 | J15: =E15+I15 -> 0
A16: • Übrige | C16: =SUM('2021:2020 '!C16) -> 0 | D16: =C16 -> 0 | E16: =SUM('2021:2020 '!E16) -> 0 | F16: =D16-E16 -> 0 | G16: =SUM('2021:2020 '!G16) -> 0 | H16: =SUM('2021:2020 '!H16) -> 0 | I16: =SUM(G16:H16) -> 0 | J16: =E16+I16 -> 0
A17: Total | C17: =SUM(C13:C14) -> 0 | D17: =SUM(D13:D14) -> 0 | E17: =SUM(E13:E14) -> 0 | F17: =SUM(F13:F14) -> 0 | G17: =SUM(G13:G14) -> 0 | H17: =SUM(H13:H14) -> 0 | I17: =SUM(I13:I14) -> 0 | J17: =SUM(J13:J14) -> 0
E18: =E17/D17 -> #DIV/0! | G18: =G17/I17 -> #DIV/0! | I18: =I17/E17 -> #DIV/0!
A20: Einzelprojekt 3
A21: Personalkosten | C21: =SUM('2021:2020 '!C21) -> 0 | D21: =C21 -> 0 | E21: =SUM('2021:2020 '!E21) -> 0 | F21: =D21-E21 -> 0 | G21: =SUM('2021:2020 '!G21) -> 0 | H21: =SUM('2021:2020 '!H21) -> 0 | I21: =SUM(G21:H21) -> 0 | J21: =E21+I21 -> 0
A22: Sachkosten | C22: =SUM('2021:2020 '!C22) -> 0 | D22: =C22 -> 0 | E22: =SUM('2021:2020 '!E22) -> 0 | F22: =D22-E22 -> 0 | G22: =SUM('2021:2020 '!G22) -> 0 | H22: =SUM('2021:2020 '!H22) -> 0 | I22: =SUM(G22:H22) -> 0 | J22: =E22+I22 -> 0
A23: • Apparate und Anlagen | C23: =SUM('2021:2020 '!C23) -> 0 | D23: =C23 -> 0 | E23: =SUM('2021:2020 '!E23) -> 0 | F23: =D23-E23 -> 0 | G23: =SUM('2021:2020 '!G23) -> 0 | H23: =SUM('2021:2020 '!H23) -> 0 | I23: =SUM(G23:H23) -> 0 | J23: =E23+I23 -> 0
A24: • Übrige | C24: =SUM('2021:2020 '!C24) -> 0 | D24: =C24 -> 0 | E24: =SUM('2021:2020 '!E24) -> 0 | F24: =D24-E24 -> 0 | G24: =SUM('2021:2020 '!G24) -> 0 | H24: =SUM('2021:2020 '!H24) -> 0 | I24: =SUM(G24:H24) -> 0 | J24: =E24+I24 -> 0
A25: Total | C25: =SUM(C21:C22) -> 0 | D25: =SUM(D21:D22) -> 0 | E25: =SUM(E21:E22) -> 0 | F25: =SUM(F21:F22) -> 0 | G25: =SUM(G21:G22) -> 0 | H25: =SUM(H21:H22) -> 0 | I25: =SUM(I21:I22) -> 0 | J25: =SUM(J21:J22) -> 0
E26: =E25/D25 -> #DIV/0! | G26: =G25/I25 -> #DIV/0! | I26: =I25/E25 -> #DIV/0!
A28: Einzelprojekt 4
A29: Personalkosten | C29: =SUM('2021:2020 '!C29) -> 0 | D29: =C29 -> 0 | E29: =SUM('2021:2020 '!E29) -> 0 | F29: =D29-E29 -> 0 | G29: =SUM('2021:2020 '!G29) -> 0 | H29: =SUM('2021:2020 '!H29) -> 0 | I29: =SUM(G29:H29) -> 0 | J29: =E29+I29 -> 0
A30: Sachkosten | C30: =SUM('2021:2020 '!C30) -> 0 | D30: =C30 -> 0 | E30: =SUM('2021:2020 '!E30) -> 0 | F30: =D30-E30 -> 0 | G30: =SUM('2021:2020 '!G30) -> 0 | H30: =SUM('2021:2020 '!H30) -> 0 | I30: =SUM(G30:H30) -> 0 | J30: =E30+I30 -> 0
A31: • Apparate und Anlagen | C31: =SUM('2021:2020 '!C31) -> 0 | D31: =C31 -> 0 | E31: =SUM('2021:2020 '!E31) -> 0 | F31: =D31-E31 -> 0 | G31: =SUM('2021:2020 '!G31) -> 0 | H31: =SUM('2021:2020 '!H31) -> 0 | I31: =SUM(G31:H31) -> 0 | J31: =E31+I31 -> 0
A32: • Übrige | C32: =SUM('2021:2020 '!C32) -> 0 | D32: =C32 -> 0 | E32: =SUM('2021:2020 '!E32) -> 0 | F32: =D32-E32 -> 0 | G32: =SUM('2021:2020 '!G32) -> 0 | H32: =SUM('2021:2020 '!H32) -> 0 | I32: =SUM(G32:H32) -> 0 | J32: =E32+I32 -> 0
A33: Total | C33: =SUM(C29:C30) -> 0 | D33: =SUM(D29:D30) -> 0 | E33: =SUM(E29:E30) -> 0 | F33: =SUM(F29:F30) -> 0 | G33: =SUM(G29:G30) -> 0 | H33: =SUM(H29:H30) -> 0 | I33: =SUM(I29:I30) -> 0 | J33: =SUM(J29:J30) -> 0
E34: =E33/D33 -> #DIV/0! | G34: =G33/I33 -> #DIV/0! | I34: =I33/E33 -> #DIV/0!
A36: Einzelprojekt 5
A37: Personalkosten | C37: =SUM('2021:2020 '!C37) -> 0 | D37: =C37 -> 0 | E37: =SUM('2021:2020 '!E37) -> 0 | F37: =D37-E37 -> 0 | G37: =SUM('2021:2020 '!G37) -> 0 | H37: =SUM('2021:2020 '!H37) -> 0 | I37: =SUM(G37:H37) -> 0 | J37: =E37+I37 -> 0
A38: Sachkosten | C38: =SUM('2021:2020 '!C38) -> 0 | D38: =C38 -> 0 | E38: =SUM('2021:2020 '!E38) -> 0 | F38: =D38-E38 -> 0 | G38: =SUM('2021:2020 '!G38) -> 0 | H38: =SUM('2021:2020 '!H38) -> 0 | I38: =SUM(G38:H38) -> 0 | J38: =E38+I38 -> 0
A39: • Apparate und Anlagen | C39: =SUM('2021:2020 '!C39) -> 0 | D39: =C39 -> 0 | E39: =SUM('2021:2020 '!E39) -> 0 | F39: =D39-E39 -> 0 | G39: =SUM('2021:2020 '!G39) -> 0 | H39: =SUM('2021:2020 '!H39) -> 0 | I39: =SUM(G39:H39) -> 0 | J39: =E39+I39 -> 0
A40: • Übrige | C40: =SUM('2021:2020 '!C40) -> 0 | D40: =C40 -> 0 | E40: =SUM('2021:2020 '!E40) -> 0 | F40: =D40-E40 -> 0 | G40: =SUM('2021:2020 '!G40) -> 0 | H40: =SUM('2021:2020 '!H40) -> 0 | I40: =SUM(G40:H40) -> 0 | J40: =E40+I40 -> 0
A41: Total | C41: =SUM(C37:C38) -> 0 | D41: =SUM(D37:D38) -> 0 | E41: =SUM(E37:E38) -> 0 | F41: =SUM(F37:F38) -> 0 | G41: =SUM(G37:G38) -> 0 | H41: =SUM(H37:H38) -> 0 | I41: =SUM(I37:I38) -> 0 | J41: =SUM(J37:J38) -> 0
E42: =E41/D41 -> #DIV/0! | G42: =G41/I41 -> #DIV/0! | I42: =I41/E41 -> #DIV/0!
A44: Gesamttotal
A45: Personalkosten | C45: =C5+C13+C21+C29+C37 -> 0 | D45: =D5+D13+D21+D29+D37 -> 0 | E45: =E5+E13+E21+E29+E37 -> 0 | F45: =F5+F13+F21+F29+F37 -> 0 | G45: =G5+G13+G21+G29+G37 -> 0 | H45: =H5+H13+H21+H29+H37 -> 0 | I45: =I5+I13+I21+I29+I37 -> 0 | J45: =J5+J13+J21+J29+J37 -> 0
A46: Sachkosten | C46: =C6+C14+C22+C30+C38 -> 0 | D46: =D6+D14+D22+D30+D38 -> 0 | E46: =E6+E14+E22+E30+E38 -> 0 | F46: =F6+F14+F22+F30+F38 -> 0 | G46: =G6+G14+G22+G30+G38 -> 0 | H46: =H6+H14+H22+H30+H38 -> 0 | I46: =I6+I14+I22+I30+I38 -> 0 | J46: =J6+J14+J22+J30+J38 -> 0
A47: • Apparate und Anlagen | C47: =C7+C15+C23+C31+C39 -> 0 | D47: =D7+D15+D23+D31+D39 -> 0 | E47: =E7+E15+E23+E31+E39 -> 0 | F47: =F7+F15+F23+F31+F39 -> 0 | G47: =G7+G15+G23+G31+G39 -> 0 | H47: =H7+H15+H23+H31+H39 -> 0 | I47: =I7+I15+I23+I31+I39 -> 0 | J47: =J7+J15+J23+J31+J39 -> 0
A48: • Übrige | C48: =C8+C16+C24+C32+C40 -> 0 | D48: =D8+D16+D24+D32+D40 -> 0 | E48: =E8+E16+E24+E32+E40 -> 0 | F48: =F8+F16+F24+F32+F40 -> 0 | G48: =G8+G16+G24+G32+G40 -> 0 | H48: =H8+H16+H24+H32+H40 -> 0 | I48: =I8+I16+I24+I32+I40 -> 0 | J48: =J8+J16+J24+J32+J40 -> 0
A49: Total | C49: =SUM(C45:C46) -> 0 | D49: =SUM(D45:D46) -> 0 | E49: =SUM(E45:E46) -> 0 | F49: =SUM(F45:F46) -> 0 | G49: =SUM(G45:G46) -> 0 | H49: =SUM(H45:H46) -> 0 | I49: =SUM(I45:I46) -> 0 | J49: =SUM(J45:J46) -> 0
E50: =E49/D49 -> #DIV/0! | G50: =G49/I49 -> #DIV/0! | I50: =I49/E49 -> #DIV/0!
E52: ='2020 '!E51 -> Ausschöpfung | G52: Anteil Rm an Eigenleistung | I52: Anteil Eigenleistung
A56: Eigenleistung:
A57: Die Eigenleistungen können als Geld- oder Sachleistungen erbracht werden. Mindestens die Hälfte der Eigenleistung ist als Geldleistung zu erbringen. • Als Geldleistung (Real money) gilt die Finanzierung von Projektkosten, die beim Projektteilnehmer durch die Projektteilnahme zusätzlich zu den normalen laufenden Ausgaben entstehen. Diese umfassen o Personalkosten einschliesslich Sozialleistungen für Personen, die für das Projekt eingestellt wurden; o Sachkosten wie Apparate und Anlagen, Betriebsmittel, Kosten für speziell angemietete Räumlichkeiten, Tagungs- und Reisekosten. • Als Sachleistungen (Virtual money) können Aufwendungen für bestehende Personalressourcen, Apparate und Anlagen und Betriebsmittel in dem Ausmass angerechnet werden, in dem sie dem Projekt eindeutig zugeordnet und belegt werden können. Die Leistungen von Mitarbeitenden, die über nationale Förderprogramme (z.B. SNF) finanziert sind, gelten als Sachleistungen.
